 Dungeon Crawl Stone Soup version 0.19.1-1-g22dce08 (webtiles) character file.

193 Oxelix the Cudgeler (level 5, -1/45 HPs)
             Began as a Hill Orc Fighter on Dec 29, 2016.
             Slain by Grinder (6 damage)
             ... on level 3 of the Dungeon.
             The game lasted 00:08:42 (1814 turns).

Oxelix the Cudgeler (Hill Orc Fighter)              Turns: 1814, Time: 00:08:44

Health: -1/45      AC:  7    Str: 20    XL:     5   Next: 72%
Magic:  5/5        EV:  8    Int:  8    God:
Gold:   111        SH:  9    Dex: 10    Spells: 0 memorised, 4 levels left

rFire  . . .     SeeInvis .     a - +0 flail
rCold  . . .     Gourm    .     l - +2 ring mail {rPois}
rNeg   . . .     Faith    .     c - +0 shield
rPois  +         Spirit   .     (no helmet)
rElec  .         Reflect  .     (no cloak)
rCorr  .         Harm     .     (no gloves)
MR     .....                    (no boots)
Stlth  ..........               (no amulet)
                                (no ring)
                                (no ring)

@: no status effects
A: no striking features
a: no special abilities


You were on level 3 of the Dungeon.
You were hungry.

You visited 1 branch of the dungeon, and saw 3 of its levels.

You collected 111 gold pieces.

Inventory:

Hand Weapons
 a - a +0 flail (weapon)
 i - a +2 antimagic spear
Armour
 c - a +0 shield (worn)
 l - a +2 ring mail of poison resistance (worn)
Scrolls
 j - 2 scrolls of identify
 n - a scroll of remove curse
Potions
 b - a potion of magic {unknown}
 e - a potion of brilliance
Books
 m - a book of Minor Magic

   Spells                             Type                      Level
   a - Magic Dart                     Conjuration                  1
   b - Blink                          Translocation                2
   c - Call Imp                       Summoning                    2
   d - Repel Missiles                 Charms/Air                   2
   e - Slow                           Hexes                        2
   f - Conjure Flame                  Conjuration/Fire             3
   g - Mephitic Cloud                 Conjuration/Poison/Air       3
Comestibles
 f - a bread ration
 h - 3 fruits


   Skills:
 - Level 3.6 Fighting
 * Level 6.3 Maces & Flails
 - Level 3.2 Armour
 - Level 3.2 Shields


You had 4 spell levels left.
You didn't know any spells.

Dungeon Overview and Level Annotations

Branches:
Dungeon (3/15)

Altars:
Xom

Annotations:
D:3 Grinder


Message History

You block the goblin's attack.
Grinder blinks!
You block the goblin's attack.
You see here a worm corpse.
You thump the goblin!
You kill the goblin!
Things that are here:
a club; an orc corpse You see here a chain mail.
Things that are here:
a club; an orc corpse You hit Grinder.
Grinder is severely wounded.
Grinder hits you.
You writhe in agony.
* * * LOW HITPOINT WARNING * * *
You hit Grinder.
Grinder is almost dead.
Grinder says, "Don't move a muscle."
Grinder hits you!
* * * LOW HITPOINT WARNING * * *
You writhe in agony.
You die...

..#.....# ..#.....#
#.#.....#
#.#.....###
#.#........
#.#.....# #
#######.#.....#..#..
..........5@[.......
..........#)###..#..
..........#.#.. ...
#######........ .
#)....... #..####.#
#..# .#
############..####.#
#.
....................
## #.


You could see Grinder.

Vanquished Creatures
  An ogre (D:2)
  4 adders
  A worm (D:3)
  4 dart slugs
  3 orcs (D:3)
  2 ball pythons
  3 giant cockroaches
  9 goblins
  11 hobgoblins
  3 jackals (D:2)
  2 kobolds
  A quokka (D:2)
  7 bats
  3 frilled lizards (D:1)
  8 rats
62 creatures vanquished.

Notes
Turn   | Place    | Note
-------+----------+-------------------------------------------
     0 | D:1      | Oxelix the Hill Orc Fighter began the quest for the Orb.
     0 | D:1      | Reached XP level 1. HP: 19/19 MP: 1/1
   131 | D:1      | Reached XP level 2. HP: 26/26 MP: 2/2
   152 | D:1      | Reached skill level 3 in Maces & Flails
   562 | D:1      | Reached XP level 3. HP: 26/31 MP: 3/3
   807 | D:1      | Reached skill level 4 in Maces & Flails
  1313 | D:2      | Reached XP level 4. HP: 34/39 MP: 4/4
  1339 | D:2      | Found a shimmering altar of Xom.
  1522 | D:2      | Reached skill level 5 in Maces & Flails
  1675 | D:3      | Noticed an ogre
  1687 | D:2      | Killed an ogre
  1687 | D:2      | Reached skill level 6 in Maces & Flails
  1687 | D:2      | Reached XP level 5. HP: 35/45 MP: 5/5
  1750 | D:3      | Noticed Grinder
  1765 | D:3      | Paralysed by Grinder for 7 turns
  1780 | D:3      | Paralysed by Grinder for 5 turns
  1814 | D:3      | Slain by Grinder

Skill      XL: |  1  2  3  4 |
---------------+-------------+-----
Maces & Flails | 3 4 6 |  6.3
Fighting       | |  3.6
Armour         | |  3.2
Shields        | |  3.2

Action                   |  1- 3 |  4- 6 || total
-------------------------+-------+-------++-------
Melee: Flail             |   147 |   115 ||   262
  Use: Scroll            |     4 |     3 ||     7
       Potion            |     3 |     3 ||     6
  Eat: Chunk             |     2 |     1 ||     3
Armor: Scale mail        |    78 |       ||    78
       Skin              |     2 |    26 ||    28
       Ring mail         |    17 |    54 ||    71
Dodge: Dodged            |    48 |    54 ||   102
Block: Shield            |    80 |    64 ||   144
